[Event "Early-Titled-Tuesday-Blitz-September-05-2023"]
[Site "Chess.com"]
[Date "2023.09.05"]
[Round "9"]
[White "Mesa_1"]
[Black "FGHSMN"]
[Result "0-1"]
[WhiteElo "2578"]
[BlackElo "2908"]
[TimeControl "180+1"]
[EndTime "9:43:10 PDT"]
[Termination "FGHSMN won by checkmate"]

1. e4 e5 2. Nf3 Nc6 3. Bb5 a6 4. Bxc6 dxc6 5. O-O f6 6. d4 exd4 7.
Nxd4 c5 8. Nb3 Qxd1 9. Rxd1 Bd6 10. Nc3 Ne7 11. Be3 b6 12. a4 Bb7 13. a5 O-O-O 14.
f3 Be5 15. axb6 cxb6 16. Na4 Kc7 17. Nxb6 Bxb2 18. Rxd8 Rxd8 19. Rb1 Bd4 20. Nxd4 cxd4 21. Bf4+ Kc6 22. Nc4 Bc8 23. Rb8 Kc5 24. Nb6 Rg8 25.
Bc7 Be6 26. Na4+ Kc4 27. Rb6 Bd7 28. Bd6 Bxa4 29. Rb4+ Kc3 30. Rxa4 Nc6 31. Rxa6 Rc8 32. Ra2 Nd8 33. Bg3 Kd2 34. Kf1 Rxc2 35. Be1+ Kd3 36.
Ra3+ Kc4 37. Ra4+ Kc5 38. Ra5+ Kc6 39. Ra6+ Kb5 40. Ra8 Nc6 41. Rg8 d3 42. Rxg7 d2 43.
Bxd2 Rxd2 44. Rxh7 Ne5 45. Rh6 Rd6 46. h3 Kc5 47. f4 Nd3 48. e5 Re6 49. Rxf6 Re7 50. g3 Kd4 51. Ke2 Ke4 52. h4 Rb7 53. Ra6 Rb2+ 54.
Kf1 Kf3 55. Ra3 Rb1# 0-1

[Event "Early-Titled-Tuesday-Blitz-September-05-2023"]
[Site "Chess.com"]
[Date "2023.09.05"]
[Round "9"]
[White "NovikovaGalina"]
[Black "ErikRonka"]
[Result "0-1"]
[WhiteElo "2412"]
[BlackElo "2497"]
[TimeControl "180+1"]
[EndTime "9:43:12 PDT"]
[Termination "ErikRonka won on time"]

1. e4 c5 2. Nf3 e6 3. b4 cxb4 4. a3 bxa3 5. Nxa3 d6 6. c3 Nf6 7. Bd3 Be7 8. O-O O-O 9. Bc2 Nc6 10. d4 e5 11. h3 b6 12. Nc4 Qc7 13. Ne3 Re8 14.
Ba4 Bd7 15. Qd3 Rad8 16. Bb3 h6 17. Bd2 Nh5 18. Nd5 Qc8 19. Qe2 Nf6 20. Nxe7+ Rxe7 21. dxe5 dxe5 22. Nh4 Na5 23. Ba2 Be6 24. Bxe6 Rxe6 25. Nf5 Qc4 26. Qxc4 Nxc4 27. Bc1 a5 28. f3 Rd3 29.
Ba3 Rxc3 30. Be7 Ne3 31. Nxe3 Rxe3 32. Bd8 Rb3 33. Rfc1 Kh7 34. Rc8 Nd7 35. Be7 Rxe7 36. Rc7 f6 37. Rd1 Kg6 38. Rdxd7 Rxd7 39. Rxd7 a4 40. Ra7 a3 41. Kh2 b5 42. h4 h5 43. g4 b4 44. Kg3 Rb1 45. gxh5+ Kxh5 46. Rxg7 a2 47. Rh7+ Kg6 48. Rh8 a1=Q 49. h5+ Kg7 50.
Rb8 Rg1+ 0-1

[Event "Early-Titled-Tuesday-Blitz-September-05-2023"]
[Site "Chess.com"]
[Date "2023.09.05"]
[Round "9"]
[White "PeshkaCh"]
[Black "angryspacevoid"]
[Result "1-0"]
[WhiteElo "2793"]
[BlackElo "2615"]
[TimeControl "180+1"]
[EndTime "9:43:13 PDT"]
[Termination "PeshkaCh won by resignation"]

1. Nf3 c5 2. c4 Nf6 3. g3 Nc6 4. Bg2 e5 5. Nc3 d6 6. O-O g6 7. e3 Bg7 8. d4 Bg4 9. h3 Bxf3 10. Bxf3 cxd4 11. Bxc6+ bxc6 12. exd4 O-O 13. Re1 Qc7 14. Bg5 h6 15. Be3 Nh5 16. Qd2 Kh7 17. Rad1 Rad8 18.
dxe5 dxe5 19. Qe2 f5 20. Bc5 Rfe8 21. Rxd8 Rxd8 22. Rd1 e4 23. Rxd8 Qxd8 24. Bxa7 Qg5 25. Be3 f4 26. Nxe4 Qf5 27. Bxf4 Nxf4 28. gxf4 Qxf4 29.
b3 Be5 30. Ng3 h5 31. Kg2 Qg5 32. h4 Qf4 33. Qe4 Qf6 34. Nxh5 Qd6 35. Ng3 Bxg3 36.
fxg3 Qd2+ 37. Kh3 Qd7+ 38. Kh2 Qd2+ 39. Qg2 Qd6 40. a4 Qb4 41. Qa2 Qa5 42. Qf2 Kg7 43. Qd4+ Kh7 44. Qd7+ Kh6 45. Qxc6 Qc3 46. Qg2 Qxb3 47.
Qd2+ Kh7 48. Qd7+ Kh6 49. Qd2+ Kh7 50. a5 Qxc4 51. Qf2 Qb5 52. Qf7+ Kh6 53. Qf8+ Kh7 54. Qe7+ Kh6 55. Qg5+ 1-0

[Event "Early-Titled-Tuesday-Blitz-September-05-2023"]
[Site "Chess.com"]
[Date "2023.09.05"]
[Round "9"]
[White "Flaccidmoves"]
[Black "SCIM"]
[Result "1-0"]
[WhiteElo "2493"]
[BlackElo "2595"]
[TimeControl "180+1"]
[EndTime "9:43:13 PDT"]
[Termination "Flaccidmoves won by resignation"]

1. c4 e5 2. Nc3 Nf6 3. Nf3 Nc6 4. e3 Bb4 5. Qc2 O-O 6. Nd5 Be7 7. Nxe7+ Qxe7 8.
a3 d6 9. d3 Bg4 10. Be2 e4 11. dxe4 Nxe4 12. O-O Rae8 13. b4 Qf6 14. Bb2 Qg6 15.
Rac1 Bh3 16. Ne1 Bf5 17. Qd1 Qh6 18. Nd3 Ne5 19. Nf4 c6 20. f3 Nf6 21. Qd2 Rd8 22. e4 Bc8 23. Rfd1 Ng6 24. Nd3 Qxd2 25. Rxd2 Nh5 26. Rcd1 Nhf4 27. Nxf4 Nxf4 28. Bf1 f5 29. exf5 d5 30. g3 Nh5 31. cxd5 cxd5 32. Rxd5 Rde8 33. Rc5 Nf6 34. Rc7 Bxf5 35. Bc4+ Kh8 36. Rxb7 Rc8 37.
Bb3 Bc2 38. Bxc2 Rxc2 39. Bxf6 gxf6 40. Rdd7 Re8 41. Rxh7+ Kg8 42. Rbg7+ Kf8 43. Rh8+ Kxg7 44. Rxe8 Rc3 45. Re7+ Kg6 46. Rxa7 Rxf3 47. b5 Rb3 48. a4 Rb2 49. Re7 Rb4 50. Ra7 Rb2 51. h3 Kf5 52.
Ra6 Ke5 53. b6 f5 54. Ra5+ Ke4 55. Rb5 Rc2 56. Rb4+ Kf3 57. Rb3+ Ke4 58. b7 Rc1+ 59. Kf2 Rc2+ 60. Ke1 Rc1+ 61. Kd2 Rc7 62. b8=Q Rd7+ 63. Kc2 1-0

[Event "Early-Titled-Tuesday-Blitz-September-05-2023"]
[Site "Chess.com"]
[Date "2023.09.05"]
[Round "9"]
[White "cthulhuuu"]
[Black "Vsevolod_Ovchinnikov"]
[Result "0-1"]
[WhiteElo "2453"]
[BlackElo "2599"]
[TimeControl "180+1"]
[EndTime "9:43:13 PDT"]
[Termination "Vsevolod_Ovchinnikov won on time"]

1. e4 g6 2. d4 Bg7 3. Nc3 a6 4. a4 d6 5. f4 Nd7 6. Nf3 e6 7. Be2 Ne7 8. O-O b6 9. Be3 O-O 10. h3 Bb7 11. g4 Qe8 12. e5 f6 13. exf6 Nxf6 14. Ng5 Ned5 15. Nxd5 Nxd5 16. Qd2 c5 17. c3 Rd8 18. Rae1 h6 19. Nf3 Qxa4 20. Bd3 Qe8 21. Qc2 Nxe3 22. Rxe3 Rxf4 23. Bxg6 Qd7 24. Be4 Rdf8 25.
Bxb7 Qxb7 26. Nh2 Rxf1+ 27. Nxf1 cxd4 28. Rxe6 Qf7 29. Re1 dxc3 30. bxc3 Be5 31. Qg2 Bxc3 32. Rd1 Be5 33. Ne3 Qf4 34. Nf5 Kh8 35. Rf1 Qg5 36. Qb7 h5 37. Qf3 a5 38. Kg2 b5 39. Rd1 a4 40. Rd4 Bxd4 41. Qd5 Be5 42. Qb7 hxg4 43. Kf1 Qxf5+ 44. Ke2 Qf3+ 45. Kd2 Qxb7 0-1

[Event "Early-Titled-Tuesday-Blitz-September-05-2023"]
[Site "Chess.com"]
[Date "2023.09.05"]
[Round "9"]
[White "WildTricks"]
[Black "fen_fire"]
[Result "1-0"]
[WhiteElo "2632"]
[BlackElo "2480"]
[TimeControl "180+1"]
[EndTime "9:43:14 PDT"]
[Termination "WildTricks won on time"]

1. e4 d6 2. d4 Nd7 3. Nf3 Ngf6 4. Nc3 e5 5. Bc4 Be7 6. O-O O-O 7. Re1 c6 8. a4 b6 9. b3 a6 10. d5 c5 11. h3 Re8 12. Be3 Nf8 13. Nd2 Ng6 14. Kh2 h6 15. Bf1 Nh7 16. g3 Bg5 17. h4 Bxh4 18.
gxh4 Qxh4+ 19. Kg1 Ng5 20. Bg2 Bh3 21. Qe2 Bxg2 22. Kxg2 Qh3+ 23. Kg1 Nh4 24. f3 Ngxf3+ 25. Nxf3 Nxf3+ 26. Kf2 Nxe1 27. Rxe1 f5 28. Qf1 Qh5 29. Qg2 Rf8 30. Rg1 g5 31. Ke1 f4 32. Bd2 f3 33.
Qf2 b5 34. a5 g4 35. Nd1 Qg6 36. Ne3 h5 37. Nf5 Rxf5 38. exf5 Qxf5 39. Qe3 Rf8 40. Kf2 Qxc2 41. Qg5+ Kf7 42. Qxh5+ Qg6 43. Qxg6+ Kxg6 44.
Rxg4+ Kf5 45. Kxf3 Rh8 46. Rg5+ Kf6 47. Rg3 Rh4 48.
Bg5+ Kf5 49. Bxh4 e4+ 50. Ke3 c4 51. Rg5+ 1-0

[Event "Early-Titled-Tuesday-Blitz-September-05-2023"]
[Site "Chess.com"]
[Date "2023.09.05"]
[Round "9"]
[White "C_K_G"]
[Black "DarZay"]
[Result "1/2-1/2"]
[WhiteElo "2083"]
[BlackElo "2263"]
[TimeControl "180+1"]
[EndTime "9:43:14 PDT"]
[Termination "Game drawn - insufficient material"]

1. e4 c5 2. Nf3 Nc6 3. d4 cxd4 4. Nxd4 Nf6 5. Nc3 d6 6. Be2 e5 7. Nb3 Be7 8. Be3 O-O 9. O-O Be6 10. f4 exf4 11.
Bxf4 d5 12. exd5 Nxd5 13. Nxd5 Bxd5 14. Bf3 Bc4 15. Re1 Bf6 16. Qc1 Nd4 17. Nxd4 Qxd4+ 18. Be3 Qxb2 19. Qxb2 Bxb2 20. Rab1 Bc3 21. Red1 Bxa2 22. Rxb7 a5 23. Rc7 Rac8 24. Rxc8 Rxc8 25. Bb7 Re8 26. Bc6 Rc8 27. Bd7 Rb8 28. Ba7 Rb1 29. Rxb1 Bxb1 30. Ba4 Ba2 31. Kf2 Bd5 32. g3 f5 33. Ke3 g5 34. Bd4 Bb4 35. c3 Bd6 36. Bb6 Be5 37.
Bxa5 Kf7 38. Bb5 f4+ 39. Kf2 h5 40. Bd3 fxg3+ 41. hxg3 h4 42. gxh4 gxh4 43. Bf5 Kf6 44. Bh3 Kg5 45. Bd8+ Kh5 46. Ba5 Kg5 47. Ke3 Kh5 48.
Kd3 Kg5 49. Bd8+ Kh5 50. c4 Bc6 51. c5 Bg3 52. Kd4 Kg6 53. Ke3 Kf7 54. Bb6 Kf6 55.
Ba7 Ke5 56. Bb6 Kd5 57. Ba7 Kc4 58. Bb6 Bh2 59. Ba7 Bg1+ 60. Kf4 Bxc5 61. Bxc5 Kxc5 62. Kg5 Kd4 63. Kxh4 1/2-1/2

[Event "Early-Titled-Tuesday-Blitz-September-05-2023"]
[Site "Chess.com"]
[Date "2023.09.05"]
[Round "9"]
[White "Goryachkina"]
[Black "ShahMatKanal"]
[Result "1/2-1/2"]
[WhiteElo "2663"]
[BlackElo "2468"]
[TimeControl "180+1"]
[EndTime "9:43:15 PDT"]
[Termination "Game drawn - insufficient material"]

1. e4 c6 2. d4 d5 3. exd5 cxd5 4. Bd3 Nc6 5. c3 Nf6 6. h3 g6 7. Nf3 Bg7 8. O-O O-O 9. Bf4 Bf5 10. Be2 Bxb1 11.
Qxb1 e6 12. Re1 Rc8 13. Bd3 Na5 14. Ne5 a6 15. Qd1 Nd7 16. Qe2 Nxe5 17. Bxe5 Nc4 18.
Bxc4 dxc4 19. Bxg7 Kxg7 20. Qf3 Qb6 21. Re2 Qc6 22. Qf4 Qc7 23. Qg5 h6 24. Qe3 Rfd8 25. Rae1 Rd5 26. g3 b5 27. Qf3 Qc6 28. Kg2 Rf5 29.
Qxc6 Rxc6 30. Re5 Rxe5 31. Rxe5 Kf6 32. h4 Ke7 33. f4 h5 34. Kf3 f6 35. Re2 Kd6 36. g4 hxg4+ 37. Kxg4 Rc8 38. Rg2 Rh8 39. b3 Kd5 40. Re2 cxb3 41. axb3 Rc8 42. Re3 a5 43. h5 f5+ 44. Kg5 gxh5 45. Re5+ Kd6 46. Rxb5 Rxc3 47. Rxa5 Rxb3 48. Kxh5 Rb4 49. Kg5 Rxd4 50. Ra6+ Kd5 51. Ra5+ Kc4 52. Ra4+ Kd3 53. Ra3+ Ke4 54. Ra6 Kf3 55. Rxe6 Rxf4 56. Re5 Kg3 57. Rxf5 Rxf5+ 58. Kxf5 1/2-1/2

[Event "Early-Titled-Tuesday-Blitz-September-05-2023"]
[Site "Chess.com"]
[Date "2023.09.05"]
[Round "9"]
[White "Bobbybunny"]
[Black "m_ezat"]
[Result "0-1"]
[WhiteElo "2173"]
[BlackElo "2681"]
[TimeControl "180+1"]
[EndTime "9:43:15 PDT"]
[Termination "m_ezat won on time"]

1. e4 Nf6 2. e5 Nd5 3. Qf3 e6 4. Nc3 Nxc3 5. dxc3 d5 6. Qg3 h5 7. h4 g6 8. Bg5 Be7 9. Nf3 c5 10. O-O-O Nc6 11. Bd3 Bd7 12. Kb1 a6 13. Rh3 b5 14. Bxe7 Qxe7 15. Ng5 Rb8 16. Nxf7 Rf8 17. Nd6+ Kd8 18. Bxg6 Rg8 19. Nf7+ Kc7 20. f4 c4 21. f5 b4 22. Rxd5 exd5 23. e6+ Kb7 24. exd7 Qxd7 25. Qe1 Ka7 26. Re3 Rge8 27. Ng5 Rxe3 28. Qxe3+ d4 29.
cxd4 Qxd4 30. Qxd4+ Nxd4 31. f6 Rb6 32. Ne4 Ne6 33.
Bf5 Nf8 34. Kc1 Rb5 35. g4 Re5 36. Kd2 hxg4 37. Ng3 Nd7 38. f7 Nf8 39. h5 Kb6 40. h6 Kc7 41. h7 Nxh7 42. Bxh7 Rd5+ 43. Ke3 Rd8 44. Kf4 Kd6 45. Bg6 Ke7 46. Nf5+ Kf8 47.
Nh4 Rd2 48. Kxg4 Rxc2 49. Kh5 Rh2 50. Kg5 Rxb2 51. Nf5 Rg2+ 52. Kf6 Rf2 0-1

[Event "Early-Titled-Tuesday-Blitz-September-05-2023"]
[Site "Chess.com"]
[Date "2023.09.05"]
[Round "9"]
[White "Cambek64"]
[Black "wqws"]
[Result "0-1"]
[WhiteElo "2511"]
[BlackElo "2645"]
[TimeControl "180+1"]
[EndTime "9:43:19 PDT"]
[Termination "wqws won on time"]

1. d4 Nf6 2. Nf3 g6 3. Bg5 Bg7 4. Nbd2 O-O 5. c3 d6 6. e4 Nbd7 7. h3 h6 8. Bh4 e5 9. dxe5 Nxe5 10.
Nxe5 dxe5 11. Be2 Qe7 12. O-O c6 13. a4 Be6 14. Qc2 g5 15. Bg3 Nd7 16. Bc4 Rfe8 17.
Rfd1 Rad8 18. b4 Nf8 19. Bxe6 Qxe6 20. Nf1 Ng6 21. Ne3 Nf4 22. f3 Bf8 23. Bf2 h5 24. Nf5 g4 25. fxg4 hxg4 26. h4 Qc4 27. Ne3 Qxc3 28.
Qxc3 Ne2+ 29. Kf1 Nxc3 30. Nxg4 Rxd1+ 31. Rxd1 Nxd1 32. Nf6+ Kh8 33. Nxe8 Nxf2 34. Kxf2 Bxb4 35. g4 a5 36. g5 b5 37. Ke2 bxa4 38. Kd3 c5 39.
Nd6 a3 40. Kc2 Kg7 41. h5 Bd2 42. g6 fxg6 43. hxg6 Kxg6 44. Nc4 Bb4 45. Nxe5+ Kg5 46. Nc4 Kf4 47. e5 Kf5 48. Kb3 Ke6 49. Kc2 Kd5 50.
e6 Kxe6 51. Kb3 Kd5 52. Nb6+ Kd4 53. Ka2 c4 54. Na4 c3 0-1

[Event "Early-Titled-Tuesday-Blitz-September-05-2023"]
[Site "Chess.com"]
[Date "2023.09.05"]
[Round "9"]
[White "Yeremyan_ChessMate"]
[Black "platy3"]
[Result "0-1"]
[WhiteElo "2682"]
[BlackElo "2919"]
[TimeControl "180+1"]
[EndTime "9:43:20 PDT"]
[Termination "platy3 won by resignation"]

1. Nf3 Nf6 2. g3 b5 3. Bg2 Bb7 4. O-O c5 5. d4 cxd4 6. Nxd4 Bxg2 7. Kxg2 Qb6 8. a4 b4 9. a5 Qb7+ 10. Kg1 e6 11. c4 Be7 12. b3 O-O 13. Bb2 Na6 14.
Nd2 Nc5 15. N2f3 Nfe4 16. Qc2 Bf6 17. Rfd1 a6 18. Nd2 Rac8 19. Nxe4 Nxe4 20. Qd3 Nc5 21. Qe3 Qe4 22. Qxe4 Nxe4 23. Rac1 Nc5 24. Rb1 Rfd8 25. Nc2 Bxb2 26. Rxb2 Rb8 27. Rd6 Kf8 28. Rd4 Ke7 29.
Rb1 d6 30. f3 Rd7 31. e4 f6 32. Rd2 Rc7 33. Nd4 Nb7 34. Ra1 Nc5 35. Rb1 g6 36. Kf2 Rd8 37. h4 h5 38. Nc2 Rb7 39. Nd4 Rc8 40. Ke3 f5 41. exf5 gxf5 42. Kf2 Kf6 43.
Re2 Rd8 44. Nc6 Rg8 45. Rd2 Rbg7 46. Rg1 f4 47. Nxb4 fxg3+ 48. Kg2 Rb8 49. Nc6 Rxb3 50. Rgd1 Re3 51. Nd4 Re5 52. Ne2 Nb3 53. Rb2 Nxa5 54. Rc1 Rb7 55. Nf4 Rxb2+ 56. Kxg3 Nb3 57. Rd1 Rd2 58.
Rb1 Nd4 59. Rb7 Ne2+ 0-1

[Event "Early-Titled-Tuesday-Blitz-September-05-2023"]
[Site "Chess.com"]
[Date "2023.09.05"]
[Round "9"]
[White "effefe"]
[Black "SaiHanThiha"]
[Result "0-1"]
[WhiteElo "2345"]
[BlackElo "2466"]
[TimeControl "180+1"]
[EndTime "9:43:20 PDT"]
[Termination "SaiHanThiha won by checkmate"]

1. d4 Nf6 2. c4 e6 3. Nc3 Bb4 4. a3 Bxc3+ 5. bxc3 O-O 6. f3 d5 7. e3 c5 8. cxd5 exd5 9. Bd3 b6 10. Ne2 Ba6 11. O-O Bxd3 12. Qxd3 Re8 13. Re1 Nc6 14.
Ng3 h5 15. Bb2 h4 16. Nh1 h3 17. g4 Rc8 18. Nf2 Qd7 19. Rad1 Na5 20. e4 dxe4 21.
Nxe4 Nxe4 22. Rxe4 Rxe4 23. Qxe4 Qb5 24. Bc1 Re8 25.
Qc2 Re2 26. Qf5 Rg2+ 27. Kh1 Qe8 28. Qe4 Qxe4 29. fxe4 Rxg4 30. e5 Nc4 31. a4 Rg2 32. Bf4 g5 33. Bg3 Re2 34. Kg1 Nb2 35. Rf1 Nxa4 36.
d5 Nxc3 37. d6 Rd2 38. Rf5 Ne4 39. Kf1 Nxg3+ 40. Ke1 Ne4 41. Rxg5+ Nxg5 42. Kxd2 Ne6 43. Ke3 a5 44. Ke4 a4 45. Kd3 b5 46. Ke4 a3 47.
Kd5 a2 48. Kc6 a1=Q 49. Kxb5 Qd4 50. Kc6 c4 51. Kd7 c3 52. Ke7 c2 53. Kf6 c1=Q 54.
Ke7 Qg5+ 55. Ke8 Qa4+ 56. d7 Qd8# 0-1

[Event "Early-Titled-Tuesday-Blitz-September-05-2023"]
[Site "Chess.com"]
[Date "2023.09.05"]
[Round "9"]
[White "Irina_Mikhaylova"]
[Black "Actuary44"]
[Result "0-1"]
[WhiteElo "2306"]
[BlackElo "2518"]
[TimeControl "180+1"]
[EndTime "9:43:20 PDT"]
[Termination "Actuary44 won by resignation"]

1. Nf3 d6 2. d4 g6 3. c4 Bg7 4. Nc3 Nf6 5. e4 O-O 6. Be2 e5 7. dxe5 dxe5 8. Qxd8 Rxd8 9. Bg5 Re8 10. Nd5 Nxd5 11. cxd5 c6 12. Bc4 cxd5 13. Bxd5 Nc6 14.
O-O-O Be6 15. Bxe6 Rxe6 16. Rd7 h6 17. Be3 Rc8 18.
Kb1 b6 19. Rhd1 f5 20. Rb7 Re7 21. Rxe7 Nxe7 22. Rd7 Nc6 23. g3 Rd8 24. Rxd8+ Nxd8 25. exf5 gxf5 26. Nh4 f4 27. gxf4 exf4 28. Bxf4 Ne6 29. Be3 h5 30. Nf5 Be5 31. h3 Kf7 32. Kc2 Kf6 33. Ng3 h4 34. Ne2 Kf5 35. f3 Nc7 36. b3 Nd5 37. Bd2 Bf6 38. Kd3 a5 39. Be3 Nb4+ 40.
Kc4 Bd8 41. a3 Nc2 42. Bc1 Ne1 43. f4 Ke4 44. Nd4 Nd3 45. f5 Nxc1 46. Ne6 Bf6 47.
Nc7 Kxf5 48. Nd5 Bd8 49. Ne3+ Ke4 50. Ng4 Kf3 51. Kb5 Nxb3 52. Kc6 Kg3 53. Kd7 Kxh3 54. Ne5 Bf6 55. Nd3 Kg3 56. Ke6 Nc5+ 57. Nxc5 bxc5 58. Kxf6 h3 0-1

[Event "Early-Titled-Tuesday-Blitz-September-05-2023"]
[Site "Chess.com"]
[Date "2023.09.05"]
[Round "9"]
[White "bazar-wokzal"]
[Black "Daniel_Salinas"]
[Result "1/2-1/2"]
[WhiteElo "2524"]
[BlackElo "2343"]
[TimeControl "180+1"]
[EndTime "9:43:21 PDT"]
[Termination "Game drawn by agreement"]

1. e4 c5 2. c3 Nf6 3. e5 Nd5 4. d4 cxd4 5. cxd4 d6 6. Bc4 e6 7. Nf3 Nc6 8. O-O Be7 9. Qe2 O-O 10. Qe4 Bd7 11. Bd3 f5 12. exf6 Nxf6 13. Qe2 d5 14.
Nc3 Bd6 15. Bg5 a6 16. Rad1 Qc7 17. h3 Rae8 18. Rfe1 h6 19. Be3 e5 20. dxe5 Nxe5 21. Nxe5 Bxe5 22. Nxd5 Nxd5 23. Bc4 Kh8 24. Bxd5 Bb5 25. Qh5 Bxb2 26. Qg4 Bf6 27. Rc1 Qd7 28. Qxd7 Bxd7 29. Bxb7 a5 30. Bc5 Rxe1+ 31. Rxe1 Rb8 32. Be4 Rb2 33. Bd5 Rb5 34. Rc1 Bb2 35. Rc4 Bf5 36. Bd4 Rxd5 37. Bxb2 Rd2 38. Bc3 Rxa2 39. Rc7 Rc2 40. Bxg7+ Kh7 41. Bc3+ Kg6 42. Bxa5 Rxc7 43. Bxc7 h5 44. Kh2 Bc8 45. Kg3 Bb7 46. f3 Bc8 47.
Kf4 Ba6 48. h4 Bf1 49. g4 Bd3 50. Be5 hxg4 51. fxg4 Bb5 52. h5+ Kh7 53. Bf6 Be8 54. Bh4 Bd7 55. Be1 Be6 56. Bd2 Bc8 57. g5 Bd7 58.
Kg3 Be8 59. Kg4 Bf7 60. Kf5 Bxh5 61. Kf6 Bg6 62. Ke5 1/2-1/2

[Event "Early-Titled-Tuesday-Blitz-September-05-2023"]
[Site "Chess.com"]
[Date "2023.09.05"]
[Round "9"]
[White "PawnEatingZombie"]
[Black "campochess"]
[Result "1-0"]
[WhiteElo "2055"]
[BlackElo "2161"]
[TimeControl "180+1"]
[EndTime "9:43:21 PDT"]
[Termination "PawnEatingZombie won by checkmate"]

1. e4 c5 2. Nf3 Nc6 3. b4 cxb4 4. d4 d5 5. exd5 Qxd5 6. c4 Qe4+ 7. Be2 Bg4 8. O-O Rd8 9. Be3 Nf6 10. Nbd2 Qf5 11. d5 Bxf3 12. Nxf3 Ne5 13. Qa4+ Ned7 14. Qxa7 g6 15. Qxb7 Bg7 16. Nd4 Qe4 17. Nc6 O-O 18. Nxd8 Rxd8 19. Rfd1 Qe5 20. Qxb4 Ne4 21. Bd4 Qf4 22.
Bf3 Ng5 23. Bxg7 Nxf3+ 24. gxf3 Kxg7 25. Qxe7 Qb8 26. Qe3 Nf6 27. Qd4 Qd6 28. c5 Qxd5 29. Qxd5 Nxd5 30. Rac1 Kf6 31. Rxd5 Rxd5 32. c6 Rd8 33. c7 Rc8 34. Kf1 Ke7 35. Ke2 Kd7 36. Ke3 Re8+ 37. Kf4 Kc8 38. a4 Re6 39. Rc5 f6 40. a5 h5 41. h4 Re2 42. Kg3 Ra2 43.
f4 Ra3+ 44. f3 Ra2 45. f5 gxf5 46. Rxf5 Kxc7 47. Rxh5 Kd6 48. Rb5 Ke6 49. h5 Ra1 50. h6 Rh1 51. a6 Rg1+ 52. Kf2 Rg8 53. a7 Ra8 54. Rb7 Kf5 55. h7 Kg6 56. h8=Q Rxh8 57. Rb8 Rh2+ 58. Kg3 Rh5 59. a8=Q Rg5+ 60. Kf2 Re5 61.
Rg8+ Kf5 62. Qc8+ Kf4 63. Qg4# 1-0

[Event "Early-Titled-Tuesday-Blitz-September-05-2023"]
[Site "Chess.com"]
[Date "2023.09.05"]
[Round "9"]
[White "SashaKuzhilniy"]
[Black "TanitoluwaAps116"]
[Result "1-0"]
[WhiteElo "2647"]
[BlackElo "2774"]
[TimeControl "180+1"]
[EndTime "9:43:22 PDT"]
[Termination "SashaKuzhilniy won by checkmate"]

1. b3 Nf6 2. Bb2 g6 3. Nf3 Bg7 4. g3 O-O 5. Bg2 Nh5 6. d4 c5 7. e3 Nc6 8. O-O cxd4 9. Nxd4 d5 10. Nxc6 bxc6 11. Bxg7 Nxg7 12. c4 Ba6 13. Nd2 Qa5 14. Qc2 Rfd8 15. Rfd1 Rac8 16. a3 Nf5 17. b4 Qb6 18. c5 Qb8 19. Bh3 e6 20. Bxf5 gxf5 21. Nb3 Bc4 22. Na5 Bb5 23. Rd4 Qe5 24. Rad1 Qf6 25. Nb7 Rd7 26. Nd6 Rb8 27. a4 Ba6 28. b5 cxb5 29. Rb1 b4 30. Rdxb4 Rxb4 31. Rxb4 Qa1+ 32.
Rb1 Qa3 33. Nb5 Bxb5 34. axb5 Rc7 35. c6 Qd6 36. Ra1 Qb4 37. Qa4 Qc5 38. Qa5 Rc8 39.
Qa6 Rc7 40. Qa5 Rc8 41. Qxa7 Qxb5 42. Rc1 Kg7 43. c7 e5 44. Qc5 Qd7 45. Qc3 f6 46. Kf1 Kf7 47. Kg2 Ke6 48. Qa5 d4 49. Qb6+ Kf7 50. exd4 exd4 51. Rd1 Qd5+ 52. Kg1 d3 53. Qa6 Rxc7 54. Qxd3 Qe6 55. Qd8 Re7 56. Qh8 Kg6 57. Qd8 f4 58. Qd3+ Kg7 59. gxf4 h5 60. f5 Qe5 61.
Qg3+ Kh6 62. Qg6# 1-0

[Event "Early-Titled-Tuesday-Blitz-September-05-2023"]
[Site "Chess.com"]
[Date "2023.09.05"]
[Round "9"]
[White "Keeper0416"]
[Black "vovachesss"]
[Result "0-1"]
[WhiteElo "2606"]
[BlackElo "2774"]
[TimeControl "180+1"]
[EndTime "9:43:22 PDT"]
[Termination "vovachesss won by checkmate"]

1. d4 Nf6 2. c4 e6 3. Bf4 Bb4+ 4. Nd2 d5 5. cxd5 Nxd5 6. Bg3 c5 7. e4 Nf6 8. e5 Ne4 9. Nf3 Nxd2 10. Nxd2 Qxd4 11. a3 Ba5 12. Bb5+ Bd7 13. Bxd7+ Nxd7 14. b4 cxb4 15.
O-O bxa3 16. Rxa3 Qxd2 17. Qa4 Qb4 18. Qxa5 Qxa5 19. Rxa5 b6 20. Ra3 a5 21. Rb1 Ke7 22. f4 Rhb8 23. Rb5 Rc8 24. h3 Rc5 25. Bh4+ f6 26.
exf6+ gxf6 27. Rb1 b5 28. Bf2 Rd5 29. Be1 a4 30.
Bb4+ Kf7 31. Rc3 Ra7 32. Rc8 Rb7 33. g4 Rd4 34. f5 exf5 35. gxf5 Rd5 36. Re1 Re5 37.
Rd1 Rxf5 38. Kh1 Rf4 39. Bd6 Rc4 40. Rd8 Ne5 41. Re1 Rd7 42. Rf8+ Ke6 43. Ba3 b4 44. Bb2 a3 45. Ba1 b3 46. Rxf6+ Kxf6 47. Bxe5+ Kf5 48.
Bh8 b2 49. Rf1+ Ke4 50. Re1+ Kf3 51. Rf1+ Ke2 52. Rg1 Rc1 53. Bxb2 axb2 54. Kh2 Rxg1 55. h4 b1=Q 56. h5 Qf1 57. h6 Qg2# 0-1

[Event "Early-Titled-Tuesday-Blitz-September-05-2023"]
[Site "Chess.com"]
[Date "2023.09.05"]
[Round "9"]
[White "Dmitry_Konenkin"]
[Black "Maus7"]
[Result "0-1"]
[WhiteElo "2399"]
[BlackElo "2491"]
[TimeControl "180+1"]
[EndTime "9:43:23 PDT"]
[Termination "Maus7 won by resignation"]

1. d4 Nf6 2. Bg5 e6 3. e4 d5 4. e5 h6 5. Be3 Ng8 6. f4 Ne7 7. Bd3 Nf5 8. Bf2 h5 9. Nf3 b6 10. O-O Be7 11. c3 c5 12. Nbd2 c4 13. Bc2 Nc6 14. b3 b5 15. a4 b4 16. bxc4 bxc3 17. cxd5 exd5 18. Nb1 Qa5 19. Re1 O-O 20. Qd3 Be6 21. h3 Rfc8 22. g4 hxg4 23. hxg4 Nb4 24. Qe2 Nxc2 25. Qxc2 Nh6 26. f5 Bd7 27. e6 fxe6 28.
fxe6 Be8 29. Ne5 Rab8 30. Ra2 Bf6 31. Nd7 Bxd7 32. exd7 Rd8 33. Qxc3 Qxc3 34. Nxc3 Rxd7 35. Rae2 Nxg4 36. Re8+ Rxe8 37. Rxe8+ Kf7 38. Re2 Nxf2 39. Rxf2 Ke6 40. Ne2 Rc7 41. Rf3 Rc4 42. Re3+ Kd6 43. Rg3 Rxa4 44. Kf2 a5 45. Ke3 Ra3+ 46. Kf2 Rxg3 47.
Kxg3 Kc6 48. Kf4 Kb5 49. Ke3 Kc4 50. Nc1 Bg5+ 51. Kf3 Bxc1 52. Kg4 Kxd4 53. Kf5 a4 54. Ke6 a3 55. Kf7 a2 56. Kg8 a1=Q 57. Kh7 g5 58. Kg8 g4 59. Kf7 g3 60. Kg8 g2 61.
Kh7 0-1

[Event "Early-Titled-Tuesday-Blitz-September-05-2023"]
[Site "Chess.com"]
[Date "2023.09.05"]
[Round "9"]
[White "Lennis93"]
[Black "Firouzja2003"]
[Result "1/2-1/2"]
[WhiteElo "2834"]
[BlackElo "3108"]
[TimeControl "180+1"]
[EndTime "9:43:24 PDT"]
[Termination "Game drawn by repetition"]

1. Nf3 Nf6 2. c4 g6 3. Nc3 Bg7 4. e4 d6 5. d4 O-O 6. h3 e5 7. d5 a5 8. Be3 Na6 9. Bd3 Nc5 10. Bc2 c6 11. O-O cxd5 12. cxd5 b6 13. Bg5 h6 14.
Bh4 Ba6 15. Re1 Qd7 16. a3 Qc8 17. Bxf6 Bxf6 18. Qd2 Bg7 19. b4 Nd7 20. Bd3 Nf6 21. Bxa6 Qxa6 22. b5 Qb7 23. Na4 Rfc8 24. Qe3 Nd7 25.
Rac1 Nc5 26. Nxc5 bxc5 27. a4 Bf6 28. Qxh6 c4 29. Rc3 Rc5 30. h4 Qe7 31. Ng5 Bxg5 32.
hxg5 Qf8 33. Qh3 Rac8 34. b6 Rb8 35. Rb1 Rb7 36. Rb5 Qd8 37. Qh6 Qf8 38. Rxc5 dxc5 39.
Rxc4 Rxb6 40. Qxf8+ Kxf8 41. Rxc5 Rb4 42. Rxa5 Rxe4 43. d6 Ke8 44. Ra7 Rd4 45. Re7+ Kf8 46. Rxe5 Rxa4 47. d7 Ra8 48. Rd5 Rd8 49. Kh2 Ke7 50. Kg3 Ke6 51. Rd3 Kf5 52. f4 Ke6 53. Kg4 Ke7 54. f5 Rxd7 55. f6+ Ke6 56. Rxd7 Kxd7 57.
Kf4 Kd6 58. Ke4 Kc5 59. Ke5 Kc6 60. Ke4 Kc5 61. Ke5 Kc6 62. Ke4 Kc5 1/2-1/2

[Event "Early-Titled-Tuesday-Blitz-September-05-2023"]
[Site "Chess.com"]
[Date "2023.09.05"]
[Round "9"]
[White "sergoy"]
[Black "Polish_fighter3000"]
[Result "0-1"]
[WhiteElo "2897"]
[BlackElo "3089"]
[TimeControl "180+1"]
[EndTime "9:43:26 PDT"]
[Termination "Polish_fighter3000 won by checkmate"]

1. d4 b6 2. e4 Bb7 3. Bd3 d6 4. c4 Nd7 5. Nc3 g6 6. h4 Bg7 7. Nf3 h6 8. Be3 e6 9. Qd2 Ngf6 10. O-O-O Ng4 11. h5 Nxe3 12. fxe3 g5 13. Kb1 a6 14. Qc2 Qe7 15. Rhf1 c6 16. Ne2 O-O 17. Nh2 b5 18. Nc3 b4 19. Ne2 c5 20. Ng4 a5 21. e5 dxe5 22. d5 e4 23. Bxe4 f5 24.
d6 Qd8 25. Bxb7 Ra7 26. Bc6 fxg4 27. Qg6 Rxf1 28. Rxf1 Nf8 29. Qd3 a4 30. Ng3 a3 31.
b3 Nd7 32. Qg6 Nf8 33. Qd3 Ra6 34. Ne4 Rxc6 35. Rd1 Nd7 36. Qf1 Qe8 37. g3 Qxh5 38. Qg2 Qg6 39. Kc1 Rc8 40. Rf1 h5 41. Qc2 Rf8 42. Rh1 Rf3 43. Qd3 Bb2+ 44. Kb1 Kg7 45. Rd1 Be5 46. Qc2 Bxg3 47. Qd3 Be5 48. Kc1 h4 49.
Rg1 g3 50. Nxc5 Nxc5 51. Qe2 Bb2+ 52. Kd2 Ne4+ 53. Kc2 Nc3+ 54. Kd2 Nxe2 55. d7 Bc3+ 56. Kd1 Rf2 57. d8=Q Qb1# 0-1